 Seeded DCSS version 0.30.1-4-g462c640d31 (webtiles) character file.

Game seed: 5 (custom seed)

84864 Kazon the Cleaver (level 15, -2/116 HPs)
             Began as a Demonspawn Gladiator on Sept 6, 2023.
             Was the Champion of Okawaru.
             Killed from afar by a thorn hunter (27 damage)
             ... with a volley of thorns
             ... on level 1 of the Swamp on Sept 7, 2023.
             The game lasted 02:12:57 (17192 turns).

Kazon the Cleaver (Demonspawn Gladiator)           Turns: 17192, Time: 02:12:58

Health: -2/116     AC: 29    Str: 23    XL:     15   Next: 36%
Magic:  0/23       EV: 17    Int: 13    God:    Okawaru [******]
Gold:   1293       SH: 24    Dex: 11    Spells: 15/19 levels left

rFire   + . .        s - +2 broad axe of Eternal Vigilance {spect, Will+}
rCold   + . .        c - +6 tower shield "Zaoth" {+Blink Int+3}
rNeg    + + .        G - +3 chain mail of the Game of Life {Fly rPois rN++ Dex-5}
rPois   +            (helmet unavailable)
rElec   .            e - scarf {rC+ rF+}
rCorr   .            Z - +1 pair of gloves {Str+3}
SInv    +            u - +0 pair of boots "Geulaix" {Regen+}
Will    ++...        D - amulet of guardian spirit
Stlth   +            T - +5 ring of evasion
HPRegen 2.19/turn    o - ring of the Tortoise {AC+8}
MPRegen 0.18/turn

%: guardian spirit
@: heroic, flying
A: antennae 3, rugged brown scales 1, powered by death 2, black mark, demonic
magic 1, bedeviling
a: Renounce Religion, Evoke Blink, Heroism, Finesse, Duel


You were on level 1 of the Swamp.
You worshipped Okawaru.
Okawaru was exalted by your worship.
You visited 6 branches of the dungeon, and saw 24 of its levels.
You also visited: Ossuary and Ice Cave.

You collected 2817 gold pieces.
You spent 1524 gold pieces at shops.

Inventory:

Hand Weapons
 f - the +3 broad axe "Demonspawn's Foe" {flame, Will+ rCorr Str+2 Stlth+}
   (Okawaru gifted it to you on level 1 of the Lair of Beasts)

   Str:       It affects your strength (+2).
   rCorr:     It protects you from acid and corrosion.
   Will:      It increases your willpower.
   Stlth:     It makes you more stealthy.
 q - a +1 demon whip of venom
 s - the +2 broad axe of Eternal Vigilance (weapon) {spect, Will+}
   (You acquired it on level 1 of the Dungeon)

   Will:      It increases your willpower.
 x - the +10 broad axe "Dasiahao" {protect, Int+3}
   (Okawaru gifted it to you on level 8 of the Dungeon)

   Int:       It affects your intelligence (+3).
Missiles
 d - 5 throwing nets
 j - 17 boomerangs (quivered)
 n - 5 javelins
 v - 4 silver boomerangs
 B - 3 curare-tipped darts
 M - 6 atropa-tipped darts
 P - 20 poisoned darts
 X - 5 boomerangs of dispersal
Armour
 c - the +6 tower shield "Zaoth" (worn) {+Blink Int+3}
   (Okawaru gifted it to you on level 5 of the Lair of Beasts)

   Int:       It affects your intelligence (+3).
   +Blink:    It lets you blink.
 e - a scarf of resistance (worn)
 u - the +0 pair of boots "Geulaix" (worn) {Regen+}
   (Okawaru gifted it to you in an ice cave)

   Regen:     It increases your rate of health regeneration.
 G - the +3 chain mail of the Game of Life (worn) {Fly rPois rN++ Dex-5}
   (You bought it in a shop on level 2 of the Orcish Mines)

   Dex:       It affects your dexterity (-5).
   rPois:     It protects you from poison.
   rN:        It greatly protects you from negative energy.
   Fly:       It grants you flight.
 Z - a +1 pair of gloves of strength (worn)
Jewellery
 o - the ring of the Tortoise (right hand) {AC+8}
   (You found it in an ice cave)

   [ring of protection]

   AC:        It affects your AC (+8).
 D - an amulet of guardian spirit (around neck)
 E - a ring of protection from fire
 T - a +5 ring of evasion (left hand)
 W - a ring of protection from fire
Wands
 z - a wand of paralysis (24)
 I - a wand of iceblast (5)
 K - a wand of flame (21)
 L - a wand of digging (7)
 N - a wand of light (15)
Scrolls
 g - 4 scrolls of fog
 i - a scroll of identify
 l - 7 scrolls of teleportation
 m - 4 scrolls of blinking {unknown}
 p - 3 scrolls of magic mapping
 w - a scroll of silence
 F - 4 scrolls of enchant armour {unknown}
 H - 3 scrolls of fear {unknown}
 J - 2 scrolls of enchant weapon {unknown}
 Y - a scroll of poison
Potions
 b - 2 potions of cancellation
 h - a potion of resistance
 k - 14 potions of curing
 r - 7 potions of flight
 t - 3 potions of invisibility
 y - 3 potions of berserk rage
 A - a potion of haste
 C - 3 potions of lignification
 O - 6 potions of heal wounds
 Q - a potion of ambrosia
 U - 3 potions of might
Miscellaneous
 V - a phial of floods


   Skills:
 + Level 9.3(14.3) Fighting
 + Level 12.2(17.3) Axes
 + Level 2.0(13.1) Maces & Flails
 * Level 8.3(13.3) Throwing
 + Level 8.4(13.4) Armour
 * Level 9.2(14.2) Dodging
 + Level 4.1(9.1) Stealth
 + Level 10.0(15.0) Shields
 + Level 2.6 Spellcasting
 + Level 3.1 Necromancy
 + Level 10.8 Invocations
 + Level 8.6 Evocations


You had 15 spell levels left.
You knew the following spells:

 Your Spells              Type           Power      Damage    Failure   Level
a - Necrotise             Necr           36%        1d5       54%         1
b - Vampiric Draining     Necr           9%         2d6       89%         3

Your spell library contained the following spells:

 Spells                   Type           Power      Damage    Failure   Level
 Foxfire                  Conj/Fire      4%         2x1d4     94%         1
 Ensorcelled Hibernation  Hex/Ice        4%         N/A       98%         2
 Static Discharge         Conj/Air       2%         2-3/arc   98%         2
 Frozen Ramparts          Ice            2%         1d1       100%        3
 Hailstorm                Conj/Ice       1%         3d3       100%        3
 Ignite Poison            Fire/Tmut/Pois 1%         N/A       100%        3
 Airstrike                Air            0%         2d(1-17)  100%        4
 Ice Form                 Ice/Tmut       1%         N/A       100%        4
 Leda's Liquefaction      Hex/Erth       1%         N/A       100%        4
 Sticky Flame             Conj/Fire      1%         2d3       100%        4
 Agony                    Necr           9%         N/A       100%        5
 Alistair's Intoxication  Tmut/Pois      0%         N/A       100%        5
 Blade Hands              Tmut           0%         N/A       100%        5
 Borgnjor's Vile Clutch   Necr/Erth      2%         N/A       100%        5
 Fireball                 Conj/Fire      0%         3d3       100%        5
 Lee's Rapid Deconstruct  Erth           0%         3d4*      100%        5
 Conjure Ball Lightning   Conj/Air       0%         3x3d6     100%        6
 Eringya's Noxious Bog    Tmut/Pois      0%         N/A       100%        6
 Plasma Beam              Fire/Air       0%         2x1d11    100%        6
 Starburst                Conj/Fire      0%         6d3       100%        6
 Statue Form              Tmut/Erth      0%         N/A       100%        6
 Discord                  Hex            1%         N/A       100%        8
 Disjunction              Tloc           0%         N/A       100%        8
 Ignition                 Fire           0%         3d3       100%        8
 Summon Ice Beast         Ice/Summ       Unusable   N/A       N/A         4
 Summon Lightning Spire   Summ/Air       Unusable   N/A       N/A         4
 Summon Forest            Summ/Tloc      Unusable   N/A       N/A         5
 Simulacrum               Ice/Necr       Unusable   N/A       N/A         6
 Summon Hydra             Summ           Unusable   N/A       N/A         7

Dungeon Overview and Level Annotations

Branches:
Dungeon (13/15)            Temple (1/1) D:4            Lair (5/5) D:8
  Swamp (1/4) Lair:3        Snake (2/4) Lair:3        Slime (0/5) Lair:5
    Orc (2/2) D:11            Elf (0/3) Orc:2        Vaults (0/5) D:13
Ossuary (visited)           IceCv (visited)

Altars:
Dithmenos
Fedhas
Gozag
Hepliaklqana
Okawaru
Qazlal
Sif Muna
Trog
Uskayaw
Wu Jian
Xom

Shops:
D:8 *   Orc:2 [(**


Innate Abilities, Weirdness & Mutations

You have a pair of large antennae on your head. (SInv)
You are partially covered in rugged brown scales. (AC +1, +3% HP)
You regenerate health from kills.
Your melee attacks may debilitate your foes.
Spells you cast may paralyse adjacent enemies.
Your hexes are more powerful.


Message History

The thorn hunter closely misses your +2 broad axe of Eternal Vigilance {spect, Will+}.
The thorn hunter hits your +2 broad axe of Eternal Vigilance {spect, Will+}!
Your spectral weapon shares its damage with you!
* * * LOW HITPOINT WARNING * * *
You barely miss the thorn hunter.
The thorn hunter is heavily damaged.
Your +2 broad axe of Eternal Vigilance {spect, Will+} closely misses the thorn hunter.
The foxfire dissipates!
The thorn hunter gestures.
Thorny briars emerge from the ground!
You closely miss the thorn hunter.
The thorn hunter is heavily damaged.
Your +2 broad axe of Eternal Vigilance {spect, Will+} hits the thorn hunter but does no damage.
Your +2 broad axe of Eternal Vigilance {spect, Will+} hits the will-o-the-wisp!
You block the thorn hunter's attack. The thorn hunter misses you.
The will-o-the-wisp barely misses your +2 broad axe of Eternal Vigilance {spect, Will+}.
You barely miss the thorn hunter.
The thorn hunter is heavily damaged.
Your +2 broad axe of Eternal Vigilance {spect, Will+} misses the thorn hunter.
Your +2 broad axe of Eternal Vigilance {spect, Will+} hits the will-o-the-wisp!
You block the thorn hunter's attack.
The thorn hunter hits you but does no damage.
You slash the will-o-the-wisp!
The will-o-the-wisp is almost destroyed.
You slash the thorn hunter!
Your +2 broad axe of Eternal Vigilance {spect, Will+} hits the will-o-the-wisp!!
You destroy the will-o-the-wisp!
Okawaru accepts your kill.
Your +2 broad axe of Eternal Vigilance {spect, Will+} hits the thorn hunter.
The thorn hunter hits your +2 broad axe of Eternal Vigilance {spect, Will+} but does no damage. x2
You hit the thorn hunter but do no damage.
The thorn hunter is severely damaged.
Your +2 broad axe of Eternal Vigilance {spect, Will+} hits the thorn hunter but does no damage.
You block the thorn hunter's attack. The thorn hunter misses you.
You closely miss the thorn hunter.
The thorn hunter is severely damaged.
Your +2 broad axe of Eternal Vigilance {spect, Will+} hits the thorn hunter but does no damage.
The thorn hunter fires a volley of thorns at you.
The volley of thorns hits you!!
You die...

♣♣.~~§~~<[~~~.§§##~~~.♣
♣~.~..♣.~~§....#....♣♣
♣♣♣PP.~~~~~....##....~
♣.§PP~.~~~§....##.....
♣♣♣♣...........##.....
♣.....#####.##.##..
♣♣♣..~######.#
♣~.†.~~~.....
♣~.@(~~~~♣...
♣♣♣♣f~~.♣♣ ♣~~~.♣
§.~~.♣ ..~~~..~
~..~~~~~§~.
.~~~~~~~~~~~
♣.~~~~~~~§.~~
.~~~~~§~~~§..


You could see a thorn hunter and a friendly +2 broad axe of Eternal Vigilance
{spect, Will+}.

Vanquished Creatures
  Rupert (D:12)
  A white draconian (IceCv)
  Snorg (D:10)
  Josephine (Orc:2)
  8 hydras
  4 vault guards (D:13)
  5 ogre magi
  2 centaur warriors (D:12)
  13 two-headed ogres
  An anaconda (Snake:1)
  3 boulder beetles
  3 death yaks (Lair:2)
  A tengu warrior (D:11)
  2 naga sharpshooters (Snake:1)
  A skyshark (Lair:4)
  Amaemon (Lair:2)
  A swamp dragon (Swamp:1)
  2 spriggan druids (Swamp:1)
  3 deep elf pyromancers (D:12)
  An orc knight (D:12)
  A harpy (shapeshifter) (D:13)
  An orc sorcerer (Orc:1)
  2 ugly things
  2 manticores
  3 cyclopes
  A will-o-the-wisp (Swamp:1)
  Maurice (D:9)
  12 elephants
  5 black mambas
  15 cane toads
  4 gargoyles
  An orange demon (Lair:1)
  An efreet (D:13)
  An unseen horror (D:10)
  10 komodo dragons
  4 rime drakes (IceCv)
  A meliai (shapeshifter) (D:13)
  8 polar bears
  5 trolls
  A dream sheep (Lair:5)
  7 hornets
  5 blink frogs
  A slime creature (D:12)
  A culicivora (shapeshifter) (D:12)
  4 shadows
  4 vampires
  Sigmund (D:4)
  12 spriggans (Lair:5)
  A water elemental (D:12)
  5 wraiths
  8 wyverns
  6 basilisks
  27 yaks
  3 steam dragons
  3 vampire mosquitoes
  2 wargs
  3 swamp worms
  An acid dragon (D:13)
  Duvessa (D:6)
  18 water moccasins
  An ice beast (D:8)
  8 orc warriors
  7 black bears
  A sky beast (D:7)
  45 wolves
  5 centaurs
  4 boggarts (Lair:5)
  26 ogres
  A phantom (D:11)
  An elf zombie (Ossuary)
  3 kobold brigands
  11 bullfrogs
  A gnoll sergeant (D:8)
  2 scorpions
  A troll zombie (D:11)
  23 wights
  Dowan (D:6)
  12 killer bees
  4 lindwurm simulacra (IceCv)
  5 howler monkeys
  A vampire bat (D:7)
  3 electric eels
  3 komodo dragon simulacra (IceCv)
  6 hounds
  A wyvern simulacrum (D:8)
  A centaur zombie (Ossuary)
  17 orc priests
  3 human zombies (Ossuary)
  A jelly (D:5)
  6 iguanas
  20 orc wizards
  11 ogre zombies
  A centaur simulacrum (D:8)
  7 mummies (Ossuary)
  15 gnolls
  5 acid dragon simulacra (IceCv)
  9 adders
  A shadow imp (D:8)
  13 white imps
  2 ufetubi
  9 steam dragon simulacra (IceCv)
  A worm zombie (D:7)
  2 adder zombies (Ossuary)
  3 worms
  54 orcs
  12 bats
  8 endoplasms
  A giant cockroach (D:1)
  12 goblins
  7 hobgoblins
  11 jackals
  22 kobolds
  3 quokkas (D:4)
  6 ball pythons
  3 frilled lizards
  A goblin skeleton (D:11)
  7 goblin zombies
  2 hobgoblin skeletons (D:11)
  10 hobgoblin zombies
  3 kobold zombies
  15 orc zombies (D:11)
  4 quokka zombies (Ossuary)
  4 rats
  4 rat zombies (Ossuary)
739 creatures vanquished.

Vanquished Creatures (others)
  9 foxfires (Swamp:1)
  20 spectral weapons
29 creatures vanquished.

Grand Total: 768 creatures vanquished

Notes
Turn   | Place    | Note
-------+----------+-------------------------------------------
     0 | D:1      | Kazon the Demonspawn Gladiator began the quest for the Orb.
     0 | D:1      | Reached XP level 1. HP: 16/16 MP: 1/1
    38 | D:1      | Identified a scroll of acquirement
    38 | D:1      | Acquired the +2 broad axe of Eternal Vigilance {spect,
                  | Will+}
    77 | D:1      | Gained mutation: You have a pair of small antennae on your
                  | head. [demonic ancestry]
    77 | D:1      | Reached XP level 2. HP: 19/22 MP: 2/2
    85 | D:1      | Reached skill level 3 in Axes
   596 | D:1      | Gained mutation: You are partially covered in rugged brown
                  | scales. (AC +1, +3% HP) [demonic ancestry]
   596 | D:1      | Reached XP level 3. HP: 22/27 MP: 3/3
   945 | D:2      | Reached XP level 4. HP: 28/35 MP: 4/4
  1497 | D:3      | Found a blossoming altar of Fedhas.
  1589 | D:3      | Found a stormy altar of Qazlal.
  1855 | D:3      | Identified the +2 sling "Qeuhanocyt" {speed, rElec Str-3
                  | Dex+2}
  1872 | D:3      | Found a faded altar of an unknown god.
  1954 | D:4      | Found a staircase to the Ecumenical Temple.
  1962 | Temple   | Entered the Ecumenical Temple
  1976 | Temple   | Became a worshipper of Warmaster Okawaru
  2066 | D:4      | Gained mutation: You regenerate a little health from kills.
                  | [demonic ancestry]
  2066 | D:4      | Reached XP level 5. HP: 41/41 MP: 5/5
  2300 | D:4      | Reached skill level 1 in Armour
  2300 | D:4      | Reached skill level 1 in Shields
  2328 | D:4      | Noticed a black bear
  2345 | D:4      | Killed a black bear
  2346 | D:4      | Reached skill level 1 in Invocations
  2448 | D:4      | Noticed a black bear
  2462 | D:4      | Killed a black bear
  2463 | D:4      | Reached skill level 4 in Axes
  2463 | D:4      | Gained mutation: You have a pair of antennae on your head.
                  | [demonic ancestry]
  2463 | D:4      | Reached XP level 6. HP: 26/48 MP: 7/7
  2473 | D:4      | Found a hazy altar of Hepliaklqana.
  2474 | D:4      | Found a shadowy altar of Dithmenos.
  2474 | D:4      | Noticed a shadow
  2508 | D:4      | Noticed Sigmund
  2544 | D:4      | Killed Sigmund
  2544 | D:4      | Reached * piety under Okawaru
  2804 | D:5      | Entered Level 5 of the Dungeon
  2871 | D:5      | Gained mutation: You have a pair of large antennae on your
                  | head. (SInv) [demonic ancestry]
  2871 | D:5      | Reached XP level 7. HP: 53/53 MP: 8/8
  3056 | D:5      | Reached skill level 1 in Evocations
  3164 | D:5      | Reached ** piety under Okawaru
  3224 | D:6      | Reached skill level 5 in Axes
  3227 | D:6      | Found a shimmering altar of Xom.
  3239 | D:6      | Gained mutation: You regenerate health from kills. [demonic
                  | ancestry]
  3239 | D:6      | Reached XP level 8. HP: 48/61 MP: 10/10
  3331 | D:6      | Noticed Duvessa
  3331 | D:6      | Noticed Dowan
  3335 | D:6      | Killed Duvessa
  3336 | D:6      | Reached skill level 1 in Stealth
  3338 | D:6      | Killed Dowan
  3391 | D:6      | Reached *** piety under Okawaru
  3684 | D:7      | Reached XP level 9. HP: 66/67 MP: 12/12
  3713 | D:7      | Reached **** piety under Okawaru
  3721 | D:7      | Reached skill level 6 in Axes
  3737 | D:7      | Noticed a two-headed ogre
  3757 | D:7      | Found a sand-covered staircase.
  3771 | Ossuary  | Entered an ossuary
  4207 | D:7      | Reached skill level 5 in Fighting
  4326 | D:7      | Reached skill level 5 in Invocations
  4632 | D:7      | Reached ***** piety under Okawaru
  4657 | D:7      | Killed a two-headed ogre
  4657 | D:7      | Received a gift from Okawaru
  4740 | D:8      | Reached skill level 7 in Axes
  4740 | D:8      | Reached XP level 10. HP: 36/76 MP: 14/14
  5097 | D:8      | Found a staircase to the Lair.
  5117 | D:8      | Reached skill level 5 in Dodging
  5142 | D:8      | Reached skill level 5 in Shields
  5163 | D:8      | Found Izo Qiri's Assorted Antiques.
  5172 | D:8      | Bought a sedimented brown potion for 26 gold pieces
  5172 | D:8      | Bought a curved iron wand for 116 gold pieces
  5382 | D:8      | Received a gift from Okawaru
  5477 | D:8      | Reached skill level 5 in Armour
  5652 | D:8      | Identified the +10 broad axe "Dasiahao" {protect, Int+3}
                  | (Okawaru gifted it to you on level 8 of the Dungeon)
  5652 | D:8      | Received a gift from Okawaru
  6257 | D:9      | Noticed Maurice
  6278 | D:9      | Killed Maurice
  6279 | D:9      | Reached skill level 5 in Evocations
  6279 | D:9      | Reached XP level 11. HP: 72/83 MP: 13/16
  6837 | D:10     | Entered Level 10 of the Dungeon
  6950 | D:10     | Noticed Snorg
  6967 | D:10     | Killed Snorg
  6984 | D:10     | Found a shimmering blue altar of Sif Muna.
  7083 | Lair:1   | Entered Level 1 of the Lair of Beasts
  7193 | Lair:1   | Reached skill level 8 in Axes
  7233 | Lair:1   | Reached ****** piety under Okawaru
  7275 | Lair:1   | You fall into a shaft and drop 1 floor!
  7357 | Lair:1   | Identified the +3 broad axe "Demonspawn's Foe" {flame,
                  | Will+ rCorr Str+2 Stlth+} (Okawaru gifted it to you on
                  | level 1 of the Lair of Beasts)
  7357 | Lair:1   | Received a gift from Okawaru
  7813 | Lair:2   | Found an ornate altar of the Wu Jian Council.
  7826 | Lair:2   | Gained mutation: Spells you cast may paralyse adjacent
                  | enemies. [demonic ancestry]
  7826 | Lair:2   | Reached XP level 12. HP: 77/91 MP: 12/17
  7928 | Lair:2   | Noticed a five-headed hydra
  7939 | Lair:2   | Killed a one-headed hydra
  7970 | Lair:2   | Received a gift from Okawaru
  8156 | Lair:2   | Noticed a death yak
  8163 | Lair:2   | Noticed a death yak
  8169 | Lair:2   | Noticed a death yak
  8193 | Lair:2   | Killed a death yak
  8194 | Lair:2   | Reached skill level 5 in Throwing
  8196 | Lair:2   | Killed a death yak
  8200 | Lair:2   | Killed a death yak
  8315 | Lair:2   | Noticed Amaemon
  8346 | Lair:2   | Killed Amaemon
  8347 | Lair:2   | Reached skill level 9 in Axes
  8562 | Lair:3   | Found a staircase to the Swamp.
  8565 | Lair:3   | Found the +10 zealot's sword {holy, Zealotry, *Rage rN+
                  | EV+3}
  8614 | Lair:3   | Noticed a boulder beetle
  8648 | Lair:3   | Killed a boulder beetle
  8696 | Lair:3   | Found a staircase to the Snake Pit.
  9616 | Lair:4   | Received a gift from Okawaru
  9627 | Lair:4   | Gained mutation: Your hexes are more powerful. [demonic
                  | ancestry]
  9627 | Lair:4   | Reached XP level 13. HP: 88/99 MP: 13/20
  9858 | Lair:4   | Received a gift from Okawaru
 10274 | Lair:4   | Reached skill level 10 in Axes
 10417 | Lair:5   | Entered Level 5 of the Lair of Beasts
 10443 | Lair:5   | Reached skill level 10 in Invocations
 10698 | Lair:5   | Found a staircase to the Slime Pits.
 10935 | Lair:5   | Identified the +6 tower shield "Zaoth" {+Blink Int+3}
                  | (Okawaru gifted it to you on level 5 of the Lair of Beasts)
 10935 | Lair:5   | Received a gift from Okawaru
 11340 | Lair:5   | Reached XP level 14. HP: 108/109 MP: 22/22
 11486 | Lair:3   | Learned a level 1 spell: Necrotise
 11490 | Lair:3   | Learned a level 3 spell: Vampiric Draining
 12269 | D:11     | Reached skill level 1 in Necromancy
 12298 | D:11     | Found a staircase to the Orcish Mines.
 12699 | D:11     | Reached skill level 1 in Spellcasting
 13416 | D:12     | Received a gift from Okawaru
 13609 | D:12     | Found a frozen archway.
 13633 | IceCv    | Entered an ice cave
 13708 | IceCv    | Found the ring of the Tortoise {AC+8}
 13903 | IceCv    | Identified the +0 pair of boots "Geulaix" {Regen+} (Okawaru
                  | gifted it to you in an ice cave)
 13903 | IceCv    | Received a gift from Okawaru
 13947 | IceCv    | Identified the ring of Omumul {*Corrode rC+ Int+5 Dex+2
                  | Stlth+}
 14223 | D:12     | Reached skill level 11 in Axes
 14511 | D:12     | Noticed Rupert
 14512 | D:12     | Paralysed by Rupert for 3 turns
 14544 | D:12     | Killed Rupert
 15137 | D:13     | Got the Verses on Mutagenic Frost
 15399 | D:13     | Found a gate to the Vaults.
 15488 | D:13     | Identified the +1 robe of the Marlin {-Tele rN+ Dex+3}
 15670 | Orc:1    | Entered Level 1 of the Orcish Mines
 15901 | Orc:2    | Entered Level 2 of the Orcish Mines
 15901 | Orc:2    | Noticed Josephine
 16065 | Orc:2    | Killed Josephine
 16156 | Orc:2    | Found a staircase to the Elven Halls.
 16210 | Orc:2    | Received a gift from Okawaru
 16236 | Orc:2    | Gained mutation: Your melee attacks may debilitate your
                  | foes. [demonic ancestry]
 16236 | Orc:2    | Reached XP level 15. HP: 110/116 MP: 19/23
 16242 | Orc:2    | Reached skill level 1 in Maces & Flails
 16249 | Orc:2    | Identified the +6 scimitar of Drought {protect, Drain rF+
                  | rCorr SInv} (Okawaru gifted it to you on level 2 of the
                  | Orcish Mines)
 16249 | Orc:2    | Received a gift from Okawaru
 16289 | Orc:2    | Reached skill level 12 in Axes
 16294 | Orc:2    | Found Itoejit's Antique Weapon Shop.
 16294 | Orc:2    | Found Lifoc's Assorted Antiques.
 16297 | Orc:2    | Found Jigu's Antique Armour Emporium.
 16297 | Orc:2    | Found Fiots's General Store.
 16306 | Orc:2    | Bought a runed executioner's axe for 390 gold pieces
 16307 | Orc:2    | Bought a potion of curing for 123 gold pieces
 16307 | Orc:2    | Bought a scroll labelled FOQEFA DOBLIOG for 41 gold pieces
 16308 | Orc:2    | Bought a potion of curing for 45 gold pieces
 16308 | Orc:2    | Bought a scroll of magic mapping for 112 gold pieces
 16309 | Orc:2    | Bought a pair of glowing gloves for 187 gold pieces
 16309 | Orc:2    | Bought a crude chain mail for 237 gold pieces
 16309 | Orc:2    | Identified the +3 chain mail of the Game of Life {Fly rPois
                  | rN++ Dex-5} (You bought it in a shop on level 2 of the
                  | Orcish Mines)
 16309 | Orc:2    | Bought a runed cloak for 187 gold pieces
 16711 | Orc:2    | Bought a scroll of identify for 30 gold pieces
 16711 | Orc:2    | Bought a scroll of identify for 30 gold pieces
 16942 | Snake:1  | Entered Level 1 of the Snake Pit
 16942 | Snake:1  | You are sucked into a shaft and drop 1 floor!
 17029 | Snake:1  | Identified the ring of Enowk {Ice Int+5}
 17063 | Swamp:1  | Entered Level 1 of the Swamp
 17109 | Swamp:1  | Identified the +1 crystal plate armour of Dice, Bag, and
                  | Bottle {rElec} (Okawaru gifted it to you on level 1 of the
                  | Swamp)
 17109 | Swamp:1  | Received a gift from Okawaru
 17173 | Swamp:1  | Noticed a thorn hunter
 17176 | Swamp:1  | Reached skill level 10 in Shields
 17192 | Swamp:1  | Killed from afar by a thorn hunter

Illustrated notes

Levels and vault maps discovered:
D:1:      ebering_trefoil_3fold, layout_basic, st_stairs_14, serial_bayou_ford_a
D:2:      layout_basic, hangedman_decor_growths, minmay_close_crescents
D:3:      layout_rooms, mainiacjoe_overflow_concentric_impassable,
          mainiacjoe_overflow_paths, shapermc_ecumenical_altar_acropolis,
          chequers_serial_rivers_micro_b
D:4:      layout_basic, riverfiend_overflow_shadow_ancestor,
          minmay_temple_entry_glass, uniq_sigmund
D:5:      layout_gridville
D:6:      layout_basic, xom_teletrap_fun, uniq_duvessa
D:7:      layout_loops_ring, enter_ossuary_3, roderic_batcave
D:8:      layout_layer_cave, minmay_lair_entry_grove, serial_shops,
          nicolae_lakefront_shop, serial_ice, serial_ice_o, serial_ice_d,
          serial_ice_k, serial_ice_a
D:9:      layout_loops_ring, nicolae_wwwww, uniq_maurice
D:10:     layout_irregular_city, led_sif_pool, uniq_snorg
D:11:     layout_basic, zombieorc2_lemuel, chequers_garden
D:12:     layout_basic, portal_ice_cave_entry_imps,
          chequers_serial_rivers_micro_e, minivault_28, uniq_rupert
D:13:     layout_basic, lightli_vaults_fourway_checkpoint, serial_corexii_hall,
          chequers_hall_statues_wall_a, chequers_hall_statues_wall_a
Temple:   nicolae_temple_elliptical
Lair:1:   layout_big_grid, serial_bayou_pond_a
Lair:2:   layout_gridlike, basic_altar, uniq_amaemon
Lair:3:   layout_small_grid, swamp_mist, minmay_snake_entry_six_corridors,
          worms_lemuel, serial_bayou_shore_a
Lair:4:   layout_gridlike, nzn_random_ring, infiniplex_staircase_pool_2
Lair:5:   minmay_lair_end_enchanted_forest, layout_misc_corridors,
          dpeg_slime_entry_enclosed
Swamp:1:  layout_basic_swamp, evilmike_swamp_ruin_wall, swamp_pool2,
          nicolae_swamp_very_dense_foliage, infiniplex_staircase_pool,
          uniq_kirke, uniq_frances
Snake:1:  layout_grid_maze, basic_altar, nicolae_snake_guarding_the_ruins,
          minmay_shop_star, uniq_donald, uniq_nikola
Snake:2:  layout_honeycomb
Orc:1:    layout_caves, serial_shops, nicolae_orc_sculptors_studio
Orc:2:    st_orc_ogre_mass, layout_caves, basic_altar, nicolae_orc_tapped_out,
          uniq_josephine

Skill      XL: |  1  2  3  4  5  6  7  8  9 10 11 12 13 14 15 |
---------------+----------------------------------------------+-----
Axes           | 3 4 5 7 8 9 10 11 12 | 12.2
Dodging        | 3 4 5 6 7 8 9 |  9.2
Throwing       | 2 3 4 5 6 7 8 |  8.3
Fighting       | 3 4 5 6 7 8 9 |  9.3
Armour         | 1 2 3 4 5 6 7 8 |  8.4
Shields        | 1 2 3 6 7 8 9 10 | 10.0
Invocations    | 1 2 3 4 5 6 7 9 10 | 10.8
Evocations     | 1 2 3 5 6 7 8 |  8.6
Stealth        | 2 3 4 |  4.1
Necromancy     | 3 |  3.1
Spellcasting   | 2 |  2.6
Maces & Flails | 2 |  2.0

Action                     |  1- 3 |  4- 6 |  7- 9 | 10-12 | 13-15 || total
---------------------------+-------+-------+-------+-------+-------++-------
  Melee: Broad axe         |    73 |    75 |   264 |   571 |   936 ||  1919
         War axe           |     7 |       |       |       |       ||     7
         Punch             |       |       |     5 |       |       ||     5
         Demon whip        |       |       |       |     7 |    36 ||    43
         Executioner's axe |       |       |       |       |    48 ||    48
  Throw: Stone             |       |    14 |    40 |       |       ||    54
         Dart              |       |     3 |    10 |    26 |   119 ||   158
         Boomerang         |       |       |    43 |    76 |   115 ||   234
         Javelin           |       |       |       |     3 |    13 ||    16
   Cast: Necrotise         |       |       |       |       |     8 ||     8
 Invoke: Heroism           |       |       |     1 |     5 |     6 ||    12
         Finesse           |       |       |       |     2 |     2 ||     4
  Evoke: Wand              |       |       |       |     2 |    24 ||    26
    Use: Scroll            |     2 |     1 |     1 |     3 |    15 ||    22
         Potion            |     1 |       |     1 |       |       ||     2
   Stab: Sleeping          |       |     2 |    17 |     2 |       ||    21
         Distracted        |       |     1 |     3 |     7 |    13 ||    24
         Paralysed         |       |       |       |       |     2 ||     2
 Armour: Leather armour    |    21 |    16 |    44 |       |       ||    81
         Scale mail        |       |       |       |   150 |     8 ||   158
         Chain mail        |       |       |       |    88 |   439 ||   527
  Dodge: Dodged            |    46 |    54 |   163 |   196 |   364 ||   823
  Block: Tower shield      |       |       |    56 |   574 |  1024 ||  1654
